 Dungeon Crawl Stone Soup version 0.17.1-1-g73c8601 (console) character file.

132 Kloppie the Skirmisher (level 5, 0/59 HPs)
             Began as an Ogre Fighter on Dec 12, 2015.
             Was an Initiate of Elyvilon.
             Slain by Iamburgie's ghost (16 damage)
             ... on level 4 of the Dungeon.
             The game lasted 00:02:42 (2617 turns).

Kloppie the Skirmisher (Ogre Fighter)               Turns: 2617, Time: 00:02:42

Health: 0/59       AC:  3    Str: 26    XL:     5   Next: 15%
Magic:  5/5        EV:  8    Int:  7    God:    Elyvilon [......]
Gold:   124        SH:  9    Dex: 10    Spells: 0 memorised, 4 levels left

rFire  . . .     SeeInvis .     a - +0 flail
rCold  . . .     Clarity  .     b - +0 robe
rNeg   . . .     SustAt   .     c - +0 shield
rPois  .         Gourm    .     (helmet restricted)
rElec  .         Spirit   .     (no cloak)
rCorr  .         Warding  .     (gloves unavailable)
rMut   .         Stasis   .     (boots unavailable)
MR     .....                    (no amulet)
Stlth  +.........               (no ring)
                                (no ring)

@: mighty, not resistant to hostile enchantments, very unstealthy
A: unfitting armour, tough skin 1
a: Renounce Religion


You were on level 4 of the Dungeon.
You worshipped Elyvilon.
Elyvilon was noncommittal.
You were hungry.

You visited 2 branches of the dungeon, and saw 5 of its levels.

You collected 124 gold pieces.

Inventory:

Hand Weapons
 a - a +0 flail (weapon)
Armour
 b - a +0 robe (worn)
 c - a +0 shield (worn)
Jewellery
 p - an uncursed ring of magical power {unknown}
 r - a cursed -5 ring of intelligence {unknown}
Scrolls
 f - a scroll of blinking {unknown}
 g - a scroll of enchant armour {unknown}
 i - 3 scrolls of teleportation {unknown}
 j - a scroll of random uselessness {unknown}
 m - a scroll of recharging {unknown}
 n - 3 scrolls of identify {unknown}
 o - 4 scrolls of remove curse {unknown}
 s - 2 scrolls of amnesia {unknown}
 w - a scroll of fear {unknown}
Potions
 h - 3 potions of heal wounds {unknown}
 k - a potion of resistance {unknown}
 l - a potion of flight {unknown}
 u - a potion of haste {unknown}
Comestibles
 e - 3 bread rations
 q - 2 meat rations
 t - a slice of pizza
 v - 3 fruits


   Skills:
 + Level 6.1 Fighting
 + Level 5.0 Maces & Flails
 - Level 2.6 Dodging
 - Level 2.6 Shields


You had 4 spell levels left.
You didn't know any spells.

Dungeon Overview and Level Annotations

Branches:
Dungeon (4/15)             Temple (1/1) D:4

Altars:
Cheibriados
Elyvilon
Fedhas
Gozag
Kikubaaqudgha
Makhleb
Nemelex Xobeh
Okawaru
Ru
Sif Muna
Trog
Vehumet
Xom
Yredelemnul
Zin

Annotations:
D:4 Iamburgie's ghost, amateur MiFi


Innate Abilities, Weirdness & Mutations

You are too large for most types of armour.
You have tough skin (AC +1).


Message History

Iamburgie's ghost is heavily damaged.
Iamburgie's ghost hits you! Iamburgie's ghost hits you.
* * * LOW HITPOINT WARNING * * *
You hit Iamburgie's ghost.
Iamburgie's ghost is severely damaged.
Iamburgie's ghost hits you but does no damage.
You sock Iamburgie's ghost!
Iamburgie's ghost is severely damaged.
Iamburgie's ghost hits you!
* * * LOW HITPOINT WARNING * * *
You barely miss Iamburgie's ghost.
Iamburgie's ghost is severely damaged.
Iamburgie's ghost hits you but does no damage.
You hit Iamburgie's ghost.
Iamburgie's ghost is almost destroyed.
Iamburgie's ghost closely misses you. x2
Your shield prevents you from hitting Iamburgie's ghost.
Iamburgie's ghost is almost destroyed.
Iamburgie's ghost hits you!
You die...

#. ###..## # #.#
#.†..## #. #.#
######.##.##
#.####.####..........#
#.........#..........#
#...#.#..............#
#..#.#.#.............#
#.#.#.#.#$####...#####
#..#W@.#.....#.###
##.#.#.#.#.##.#.#
#...#.#.#..##...#
#....#.#...###<.......
#............#.#####..
#..#.#)........#
##............##
#####.......##
#.......#


You could see Iamburgie's ghost.

Vanquished Creatures
  Jessica (D:3)
  2 worker ants (D:4)
  An adder (D:3)
  4 worms (D:2)
  5 giant geckos
  2 ball pythons
  4 bats
  A giant cockroach (D:1)
  5 goblins
  2 hobgoblins
  6 jackals
  8 kobolds
  A giant cockroach zombie (D:3)
  2 giant newts
  3 rats
47 creatures vanquished.

Notes
Turn   | Place    | Note
--------------------------------------------------------------
     0 | D:1      | Kloppie the Ogre Fighter began the quest for the Orb.
     0 | D:1      | Reached XP level 1. HP: 24/24 MP: 1/1
   222 | D:1      | Reached XP level 2. HP: 22/33 MP: 2/2
   739 | D:2      | Found a bloodstained altar of Trog.
   826 | D:2      | Reached XP level 3. HP: 6/41 MP: 3/3
  1118 | D:2      | Reached skill level 5 in Fighting
  1859 | D:3      | Reached XP level 4. HP: 38/50 MP: 4/4
  1992 | D:3      | Noticed Jessica
  2004 | D:3      | Killed Jessica
  2223 | D:4      | Found a staircase to the Ecumenical Temple.
  2230 | D:4      | Reached skill level 6 in Fighting
  2235 | D:4      | Reached XP level 5. HP: 41/59 MP: 5/5
  2255 | D:4      | Reached skill level 5 in Maces & Flails
  2256 | D:4      | Noticed Iamburgie's ghost (amateur MiFi)
  2259 | Temple   | Entered the Ecumenical Temple
  2268 | Temple   | Became a worshipper of Elyvilon the Healer
  2617 | D:4      | Slain by Iamburgie's ghost

Action                   |  1- 3 |  4- 6 || total
-------------------------+-------+-------++-------
Melee: Flail             |   110 |    48 ||   158
  Use: Potion            |       |     1 ||     1
 Stab: Sleeping          |     2 |     1 ||     3
  Eat: Chunk             |     3 |     2 ||     5
